 Dungeon Crawl Stone Soup version 0.31-a0-435-g2c6fae2916 (webtiles) character file.

Game seed: 3559253496223129636

1536 bobo the Spear-Bearer (level 8, -5/60 (67) HPs)
             Began as a Merfolk Gladiator on Aug 2, 2023.
             Was a Follower of Zin.
             Slain by a wight
             ... wielding a +3 scimitar
              (9 damage)
             ... on level 7 of the Dungeon.
             The game lasted 00:19:36 (5887 turns).

bobo the Spear-Bearer (Merfolk Gladiator)           Turns: 5887, Time: 00:19:37

HP:   -5/60 (67)    AC:  8    Str: 16    XL:     8   Next: 86%
MP:   10/10         EV: 11    Int:  8    God:    Zin [*.....]
Gold: 235           SH:  0    Dex: 15    Spells: 7/7 levels left

rFire   + . .        a - +0 trident
rCold   . . .        (no shield)
rNeg    . . .        e - +0 scale mail {rF+}
rPois   .            c - +0 helmet
rElec   .            q - scarf {harm}
rCorr   .            k - +0 pair of gloves
SInv    .            (no boots)
Will    .....        (no amulet) Stlth
                     (no ring)
HPRegen 0.30/turn    (no ring)
MPRegen 0.12/turn

%: harm (+30% outgoing, +20% incoming)
@: silenced, on recite cooldown, heavily drained, invisible
A: (nimble swimmer 2), mertail
a: Renounce Religion


You were on level 7 of the Dungeon.
You worshipped Zin.
Zin was aware of your devotion.
You visited 2 branches of the dungeon, and saw 8 of its levels.

You collected 261 gold pieces.
You donated 26 gold pieces to Zin.

Inventory:

Hand Weapons
 a - a +0 trident (weapon)
Missiles
 f - a curare-tipped dart
 h - a javelin
 o - 23 poisoned darts (quivered)
Armour
 b - a +0 leather armour
 c - a +0 helmet (worn)
 e - a +0 scale mail of fire resistance (worn)
 k - a +0 pair of gloves (worn)
 q - a scarf of harm (worn)
Jewellery
 n - a ring of ice
Wands
 z - a wand of flame (9)
Scrolls
 g - 2 scrolls of amnesia
 l - a scroll of immolation
 s - a scroll of teleportation
 y - 3 scrolls of fear
Potions
 i - a potion of mutation
 m - a potion of haste
 p - a potion of attraction
 r - a potion of enlightenment
 t - a potion of brilliance {unknown}
 u - a potion of might {unknown}
 v - 3 potions of curing
 w - 2 potions of lignification {unknown}


   Skills:
 + Level 7.3 Fighting
 + Level 9.2 Polearms
 - Level 5.0 Throwing
 - Level 4.3 Dodging
 + Level 3.4 Invocations


You had 7 spell levels left.
You didn't know any spells.
Your spell library contained the following spells:

 Spells                   Type           Power      Damage    Failure   Level
 Lesser Beckoning         Tloc           0%         N/A       94%         2
 Scorch                   Fire           0%         2d5       94%         2
 Gell's Gravitas          Tloc           0%         N/A       99%         3
 Summon Guardian Golem    Hex/Summ       0%         N/A       99%         3
 Teleport Other           Tloc           0%         N/A       99%         3
 Volatile Blastmotes      Fire/Tloc      0%         2d10      99%         3
 Flame Wave               Conj/Fire      0%         2d4       100%        4
 Fulminant Prism          Conj/Hex       0%         3d5       100%        4
 Iskenderun's Mystic Bla  Conj/Tloc      0%         2d3       100%        4
 Summon Cactus Giant      Summ           0%         N/A       100%        6
 Orb of Destruction       Conj           0%         9d5       100%        7
 Spellforged Servitor     Conj/Summ      0%         N/A       100%        7


Dungeon Overview and Level Annotations

Branches:
Dungeon (7/15)             Temple (1/1) D:4

Altars:
Ashenzari
Cheibriados
Elyvilon
Gozag
Hepliaklqana
Kikubaaqudgha
Makhleb
Nemelex Xobeh
Okawaru
Qazlal
Sif Muna
Trog
Vehumet
Wu Jian
Xom
Yredelemnul
Zin


Innate Abilities, Weirdness & Mutations

((You are very nimble when in or above water. (Stealth+, EV+, Speed+++)))
Your lower body shifts to a powerful aquatic tail in water.


Message History

The wight hits you but does no damage.
You hit the wight.
The wight is moderately damaged.
The wight hits you with a +3 scimitar!
You feel drained.
A wight comes into view. It is wielding a +2 flail.
The wight hits you with a +0 flail!
You feel drained.
You closely miss the wight. "...aloft a silver sceptre!
The amorphous wretches..."
The wight closely misses you. The wight hits you with a +3 scimitar!
You fade into invisibility! "...were purified, and thus the way of things was maintained."
You finish reciting Abominations 24:30.
The wight closely misses you. The wight hits you with a +3 scimitar!
* * * LOW HITPOINT WARNING * * *
You feel drained.
Okay, then.
You hit the wight but do no damage.
The wight is moderately damaged.
You hit the wight but do no damage.
The wight is moderately damaged.
The wight barely misses you. The wight misses you.
You catch the helpless wight completely off-guard!
You hit the wight.
The wight is moderately damaged.
The wight barely misses you.
You barely miss the wight. The wight misses you.
You hit the wight.
The wight is lightly damaged.
The wight hits you with a +3 scimitar.
* * * LOW HITPOINT WARNING * * *
You feel drained.
* * * LOW HITPOINT WARNING * * *
A wight comes into view. It is wielding a +0 mace.
Okay, then.
Okay, then.
Unknown command.
As you read the scroll labelled LUERIS XYFEHIE, it crumbles to dust.
A profound silence engulfs you.
It was a scroll of silence.
The wight hits you with a +3 scimitar!
You die...

... ####.. ####.....
###+###. [.......#
..#...8# ........#
...#.. ........#
..#.. ........##.#z#
#########.'.#.#[#
#..#....[.#.@z.#
#..'......#...#....#
#.#######.#8.z.# .8#
##.###.# #..###'# z
#..'...# #.... ...
#..#...# ###....#..
#..#...# ....#...
##.#########.... ..
#.######..#


You could see 4 wights.

Vanquished Creatures
  Sigmund (D:2)
  Menkaure (D:5)
  A black bear (D:4)
  2 ogres
  2 phantoms (D:7)
  A kobold brigand (D:6)
  A scorpion (D:6)
  An electric eel (D:6)
  A hound (D:5)
  2 orc priests
  A sleepcap (D:5)
  2 gnoll boudas (D:6)
  Terence (D:2)
  7 iguanas
  An orc wizard (D:5)
  6 gnolls (D:6)
  5 adders
  2 white imps
  An ufetubus (D:7)
  3 worms
  6 dart slugs
  20 orcs
  9 endoplasms
  3 giant cockroaches
  8 goblins
  6 hobgoblins
  4 jackals (D:1)
  5 quokkas
  5 ball pythons
  7 bats
  2 frilled lizards
  17 kobolds
  4 rats
138 creatures vanquished.

Notes
Turn   | Place    | Note
-------+----------+-------------------------------------------
     0 | D:1      | bobo the Merfolk Gladiator began the quest for the Orb.
     0 | D:1      | Reached XP level 1. HP: 16/16 MP: 1/1
   196 | D:1      | Reached XP level 2. HP: 13/23 MP: 2/2
   346 | D:1      | Reached XP level 3. HP: 23/28 MP: 3/3
   552 | D:1      | Found a faded altar of an unknown god.
   772 | D:2      | Noticed Sigmund
  1028 | D:2      | Noticed Terence
  1031 | D:2      | Reached XP level 4. HP: 33/35 MP: 4/4
  1049 | D:2      | Killed Terence
  1050 | D:2      | Reached skill level 5 in Polearms
  1227 | D:2      | Killed Sigmund
  1228 | D:2      | Reached skill level 6 in Polearms
  1228 | D:2      | Reached XP level 5. HP: 21/43 MP: 5/5
  1228 | D:2      | Reached XP level 6. HP: 24/49 MP: 6/6
  1742 | D:3      | Found a snail-covered altar of Cheibriados.
  2429 | D:4      | Reached skill level 5 in Fighting
  2519 | D:4      | Noticed a black bear
  2585 | D:4      | Reached XP level 7. HP: 32/56 MP: 7/7
  2588 | D:4      | Reached skill level 7 in Polearms
  2770 | D:4      | Found a staircase to the Ecumenical Temple.
  2816 | Temple   | Entered the Ecumenical Temple
  2885 | Temple   | Became a worshipper of Zin the Law-Giver
  2885 | Temple   | Reached * piety under Zin
  3067 | D:5      | Entered Level 5 of the Dungeon
  3199 | D:5      | Reached skill level 1 in Invocations
  3769 | D:5      | Noticed Menkaure
  3778 | D:5      | Killed Menkaure
  3779 | D:5      | Reached skill level 8 in Polearms
  3779 | D:5      | Reached XP level 8. HP: 14/65 MP: 7/9
  5651 | D:7      | Reached skill level 9 in Polearms
  5651 | D:7      | Reached skill level 5 in Throwing
  5887 | D:7      | Slain by a wight

Illustrated notes

Levels and vault maps discovered:
D:1:      reono_arrival_forest_river, layout_basic, basic_ecumenical_altar
D:2:      layout_basic, minmay_vboxes, uniq_terence, uniq_sigmund
D:3:      layout_loops_ring, cheibriados_altar_1
D:4:      layout_cave_pools, minmay_temple_entry_hall
D:5:      layout_loops_ring, uniq_menkaure
D:6:      layout_loops_ring, serial_bayou_lake_a
D:7:      layout_gridville, minivault_1
Temple:   minmay_temple_bridge_d

Skill      XL: |  1  2  3  4  5  6  7  8 |
---------------+-------------------------+-----
Fighting       | 3 4 5 6 7 |  7.3
Polearms       | 6 8 9 |  9.2
Throwing       | 3 4 5 |  5.0
Invocations    | 1 3 |  3.4
Dodging        | |  4.3

Action                     |  1- 3 |  4- 6 |  7- 9 || total
---------------------------+-------+-------+-------++-------
  Melee: Trident           |   125 |   133 |   241 ||   499
         Halberd           |       |    33 |       ||    33
         Punch             |       |       |     2 ||     2
         Tailslap          |       |       |     3 ||     3
  Throw: Throwing net      |     2 |     2 |       ||     4
         Javelin           |     2 |       |     2 ||     4
         Dart              |       |     6 |     4 ||    10
 Invoke: Recite            |       |       |    10 ||    10
    Use: Potion            |       |     3 |     3 ||     6
         Scroll            |       |     6 |     8 ||    14
   Stab: Sleeping          |     2 |     1 |       ||     3
         Held in net/web   |       |     1 |       ||     1
         Distracted        |       |     1 |       ||     1
         Confused          |       |       |     4 ||     4
         Invisible         |       |       |     1 ||     1
 Armour: Leather armour    |    42 |    48 |     4 ||    94
         Scale mail        |       |       |    44 ||    44
  Dodge: Dodged            |    86 |    88 |   103 ||   277

Table legend: (Time is in decaauts)
 A = Elapsed time spent in this place.
 B = Non-inter-level travel time spent in this place.
 C = Inter-level travel time spent in this place.
 D = Time resting spent in this place.
 E = Time spent auto-exploring this place.
 F = Levels seen in this place.
 G = Mean time per level.
                   A        B        C        D        E       F      G
               +--------+--------+--------+--------+--------+-----+--------+
         Total |   5839 |   5384 |    455 |    288 |   3964 |   8 |  729.9 |
       Dungeon |   5700 |   5381 |    319 |    288 |   3964 |   7 |  814.3 |
        Temple |    138 |      2 |    136 |      0 |      0 |   1 |  138.0 |
               +--------+--------+--------+--------+--------+-----+--------+

Top non-repeatable levels by time:
     D:6: 1291 daAuts
     D:5: 1140 daAuts
     D:2: 787 daAuts
     D:1: 772 daAuts
     D:3: 733 daAuts
     D:4: 632 daAuts
     D:7: 343 daAuts
  Temple: 138 daAuts
